 Dungeon Crawl Stone Soup version 0.18-a0-1147-g8e8348b (webtiles) character file.

88 namelastname112 the Ruffian (level 4, -1/38 HPs)
             Began as a Draconian Chaos Knight on Jan 23, 2016.
             Killed by drain life
             ... invoked by a soul eater
             ... summoned by the capriciousness of Xom
              (6 damage)
             ... on level 2 of the Dungeon.
             The game lasted 00:02:44 (1670 turns).

namelastname112 the Ruffian (DrCK)                  Turns: 1670, Time: 00:02:44

Health: -1/38      AC:  6    Str: 15    XL:     4   Next: 29%
Magic:  4/4        EV: 12    Int: 12    God:    Xom [..*...]
Gold:   203        SH:  0    Dex: 11    Spells: 0 memorised, 3 levels left

rFire  . . .     SeeInvis .       - Unarmed
rCold  . . .     Gourm    .     (armour unavailable)
rNeg   . . .     Faith    .     (no shield)
rPois  .         Spirit   .     (helmet restricted)
rElec  .         Dismiss  .     (no cloak)
rCorr  .         Reflect  .     h - +0 pair of gloves
SustAt .         Harm     .     (no boots)
MR     .....                    (no amulet)
Stlth  +.........               (no ring)
                                (no ring)

@: not resistant to hostile enchantments, very unstealthy
A: unfitting armour, cold-blooded, AC +5
a: Renounce Religion


You were on level 2 of the Dungeon.
You worshipped Xom.
You were a toy of Xom.
You were hungry.

You visited 1 branch of the dungeon, and saw 2 of its levels.

You collected 203 gold pieces.

Inventory:

Missiles
 n - 5 poisoned javelins (quivered)
Armour
 h - a +0 pair of gloves (worn)
Scrolls
 c - a scroll of enchant armour {unknown}
 j - a scroll of remove curse {unknown}
 k - a scroll of recharging {unknown}
 l - a scroll of amnesia {unknown}
 m - 2 scrolls of immolation {unknown}
 p - 2 scrolls of identify {unknown}
Potions
 b - 2 potions of curing {unknown}
 e - a potion of ambrosia {unknown}
 f - a potion of brilliance {unknown}
 i - 2 potions of magic {unknown}
 o - a potion of lignification {unknown}
 q - a potion of heal wounds {unknown}
 r - a potion of invisibility {unknown}
 t - a potion of flight {unknown}
Comestibles
 a - 3 bread rations
 d - 3 meat rations
 g - 4 fruits
 s - a beef jerky


   Skills:
 - Level 3.2 Fighting
 - Level 2.1 Dodging
 * Level 5.1 Unarmed Combat


You had 3 spell levels left.
You didn't know any spells.

Dungeon Overview and Level Annotations

Branches:
Dungeon (2/15)

Altars:
Dithmenos
Nemelex Xobeh
Sif Muna


Innate Abilities, Weirdness & Mutations

Your plain brown scales are hard (AC +5).
Your body does not fit into most forms of armour.
You are cold-blooded and may be slowed by cold attacks.


Message History

You hit the soul eater.
The soul eater is lightly wounded.
The soul eater draws from the surrounding life force!
The soul eater is healed.
You hit the soul eater but do no damage.
You tail-slap the soul eater, but do no damage.
The soul eater hits you.
You closely miss the soul eater.
The soul eater hits you but does no damage.
The soul eater draws from the surrounding life force!
* * * LOW HITPOINT WARNING * * *
Xom thinks this is hilarious! "Serve the mortal, my child!"
The bat closely misses your white imp.
The soul eater completely misses your white imp.
Your white imp gestures at the soul eater.
The puff of frost hits the soul eater.
The soul eater appears unharmed.
The soul eater draws from the surrounding life force!
You die... "Boring in life, boring in death..."

##.########## #...........
#..####..... #.#
#..#....###. #.# ###
#.......# #. #.# ..#
##.#.##.###. #.# #.#
#.#.##..... #.# #.#
#.#.#...... #.# #@#
#.#.#.####. #.# #.#
#.#........
####.########.#
#.###.####.
#.....)....##5# #.# #.# ##
#.##.#####.##3# #.# #.#
#.##.#####.#.b# #.# #.#
#.##......#...######.###.#
#.########.##.........##.#
#.# #.#...#####..##.#####


You could see a soul eater, a bat and a friendly white imp.

Vanquished Creatures
  Jessica (D:2)
  An adder (D:2)
  3 worms (D:2)
  3 giant geckos
  8 bats
  2 giant cockroaches
  2 goblins (D:2)
  3 hobgoblins (D:2)
  3 jackals (D:1)
  4 kobolds
  A quokka (D:2)
  A ball python (D:2)
  3 giant newts
  5 rats
40 creatures vanquished.

Notes
Turn   | Place    | Note
--------------------------------------------------------------
     0 | D:1      | namelastname112 the Draconian Chaos Knight began the quest for the Orb.
     0 | D:1      | Reached XP level 1. HP: 19/19 MP: 1/1
   148 | D:1      | XOM: harmless Chrm miscast
   243 | D:1      | XOM: harmless Tloc miscast
   256 | D:1      | Reached XP level 2. HP: 19/26 MP: 2/2
   475 | D:1      | XOM: god gift: 5 poisoned javelins
   498 | D:1      | XOM is BORED!
   498 | D:1      | XOM: noise
   539 | D:1      | Reached skill level 4 in Unarmed Combat
   607 | D:1      | XOM: god gift: 12 gold pieces
   667 | D:1      | XOM: vitrification
   761 | D:2      | Noticed Jessica
   765 | D:2      | Killed Jessica
   765 | D:2      | Reached XP level 3. HP: 19/31 MP: 3/3
   767 | D:2      | Found a sparkling altar of Nemelex Xobeh.
   840 | D:2      | Found a deep blue altar of Sif Muna.
   887 | D:2      | XOM: god gift: 35 gold pieces
   966 | D:2      | XOM: confuse monster(s)
   969 | D:2      | Reached XP level 4. HP: 23/38 MP: 4/4
   974 | D:2      | Reached skill level 5 in Unarmed Combat
  1159 | D:2      | XOM: cast spell 'Discord'
  1442 | D:2      | Found a shadowy altar of Dithmenos.
  1452 | D:2      | XOM: god gift: 60 gold pieces
  1660 | D:2      | XOM is BORED!
  1660 | D:2      | XOM: medium Summ miscast
  1661 | D:2      | Noticed a soul eater
  1668 | D:2      | XOM: summons friendly white imp
  1670 | D:2      | Killed from afar by a soul eater

Vault maps used:
D:1:      dpeg_arrival_leaves_temple_mockup, lemuel_old_faithful
D:2:      grunt_dithmenos_smoke, nicolae_overflow_hidden_temple,
          lemuel_crystal_altar, first_bread, uniq_jessica

Action                   |  1- 3 |  4- 6 || total
-------------------------+-------+-------++-------
Melee: Unarmed           |   101 |    62 ||   163
Throw: Javelin           |     1 |       ||     1
  Eat: Chunk             |       |     2 ||     2
